 Dungeon Crawl Stone Soup version 0.17.2-1-ge4368a0 (webtiles) character file.

44 Goblin1989 the Vexing (level 3, -1/26 HPs)
             Began as a Human Enchanter on Jan 9, 2017.
             Slain by an orc wizard
             ... wielding a +0 dagger
              (2 damage)
             ... on level 3 of the Dungeon.
             The game lasted 00:12:26 (833 turns).

Goblin1989 the Vexing (Human Enchanter)              Turns: 833, Time: 00:12:26

Health: -1/26      AC:  6    Str:  9    XL:     3   Next: 87%
Magic:  0/6        EV:  8    Int: 15    God:
Gold:   78         SH:  0    Dex: 13    Spells: 1 memorised, 5 levels left

rFire  . . .     SeeInvis .     n - +0 war axe
rCold  . . .     Clarity  .     u - +0 scale mail (curse)
rNeg   . . .     SustAt   .     (no shield)
rPois  .         Gourm    .     (no helmet)
rElec  .         Spirit   +     (no cloak)
rCorr  .         Warding  .     (no gloves)
rMut   .         Stasis   .     (no boots)
MR     .....                    i - amulet of guardian spirit
Stlth  +.........               (no ring)
                                (no ring)

@: not resistant to hostile enchantments, very unstealthy
A: no striking features
a: no special abilities


You were on level 3 of the Dungeon.
You were not hungry.

You visited 1 branch of the dungeon, and saw 4 of its levels.

You collected 78 gold pieces.

Inventory:

Hand Weapons
 a - a +1 dagger
 e - a +0 hand axe
 k - a +0 dagger of venom
 n - a +0 war axe (weapon)
Armour
 b - a +1 robe
 j - a +0 ring mail
 u - a cursed +0 scale mail (worn)
Jewellery
 i - an amulet of guardian spirit (around neck)
Scrolls
 f - 2 scrolls of teleportation {unknown}
 h - a scroll of amnesia {unknown}
 m - 2 scrolls of enchant armour {unknown}
 o - a scroll of identify {unknown}
 t - 3 scrolls of remove curse {unknown}
Potions
 g - a potion of haste {!q, @q3}
 l - a potion of brilliance {unknown}
 p - a potion of heal wounds {unknown}
 r - a potion of curing {unknown}
 s - 2 potions of agility
Books
 c - a book of Maledictions

   Spells                             Type                      Level
   a - Corona                         Hexes                        1
   b - Ensorcelled Hibernation        Hexes/Ice                    2
   c - Confuse                        Hexes                        3
   d - Tukima's Dance                 Hexes                        3
   e - Dazzling Spray                 Conjuration/Hexes            3
Comestibles
 d - 4 bread rations {@e1}
 q - 5 fruits


   Skills:
 + Level 1.1 Fighting
 - Level 1.0 Short Blades
 * Level 2.4 Axes
 + Level 1.0 Armour
 - Level 2.0 Dodging
 - Level 3.0 Stealth
 - Level 2.0 Spellcasting
 - Level 3.0 Hexes


You had 5 spell levels left.
You knew the following spells:

 Your Spells              Type           Power        Failure   Level  Hunger
a - Corona                Hex            ##.....      54%         1    #......


Dungeon Overview and Level Annotations

Branches:
Dungeon (4/15)
 Temple: D:4-7

Altars:


Message History

You take 2 damage, and have 7/26 hp.
The orc wizard points at you and mumbles some strange words.
The magic dart hits you!
* * * LOW HITPOINT WARNING * * *
You take 5 damage, and have 2/26 hp.
You now have 2/6 mp.
The orc wizard hits you but does no damage.
There is a stone staircase leading up here.
The orc wizard hits you but does no damage.
You climb upwards.
There is a stone staircase leading down here.
You hit the orc wizard.
The orc wizard is moderately wounded.
The orc wizard points at you and mumbles some strange words.
The magic dart hits you!
* * * LOW HITPOINT WARNING * * *
You take 1 damage, and have 1/26 hp.
You now have 1/6 mp.
You hit the orc wizard.
The orc wizard is severely wounded.
The orc wizard hits you with a dagger.
You die...

█.█ █.█ █.█
█.█ █.█ █.█
█.█ █.█ █)█
█.█ █.█
█.█████ █.█
█......
███████████.█


███████ █..o@.......█ █.███████████ You could see an orc wizard.

Vanquished Creatures
  An adder (D:2)
  3 bats
  A giant cockroach (D:3)
  4 goblins
  9 hobgoblins
  A giant gecko (D:3)
  4 giant newts
  5 kobolds
  4 rats
32 creatures vanquished.

Notes
Turn   | Place    | Note
--------------------------------------------------------------
     0 | D:1      | Goblin1989 the Human Enchanter began the quest for the Orb.
     0 | D:1      | Reached XP level 1. HP: 13/13 MP: 3/3
    85 | D:1      | Reached skill level 1 in Axes
   113 | D:1      | Reached XP level 2. HP: 5/19 MP: 3/5
   265 | D:2      | Reached XP level 3. HP: 2/25 MP: 2/6
   694 | D:3      | Reached skill level 1 in Fighting
   806 | D:3      | Reached skill level 1 in Armour
   832 | D:3      | HP: 1/26 [orc wizard/magic dart (2)]
   833 | D:3      | Slain by an orc wizard

Action                   || total
-------------------------++-------
Melee: Hand axe          ||    86
       War axe           ||    28
 Cast: Corona            ||     3
  Use: Potion            ||     1
 Stab: Sleeping          ||     4

Vault maps used:
D:1:      dpeg_arrival_rooms_c
D:2:      first_bread, serial_bayou_ford_a, uniq_sigmund
